 Dungeon Crawl Stone Soup version 0.29-a0-330-g52719c12eb (webtiles) character file.

Game seed: 10779528460983366704

177 kae the Firebug (level 5, -3/34 (38) HPs)
             Began as a Demigod Fire Elementalist on Apr 19, 2022.
             Slain by a wight
             ... wielding a +0 spear
              (7 damage)
             ... on level 4 of the Dungeon.
             The game lasted 00:01:49 (3750 turns).

kae the Firebug (Demigod Fire Elementalist)         Turns: 3750, Time: 00:01:50

HP:   -3/34 (38)    AC:  2    Str:  9    XL:     5   Next: 9%
MP:   6/12          EV: 12    Int: 21    God:
Gold: 144           SH:  0    Dex: 14    Spells: 6/9 levels left

rFire   . . .      SeeInvis .   g - +0 spear (venom)
rCold   . . .      Faith    .   (no shield)
rNeg    . . .      Spirit   .   a - +0 robe
rPois   .          Reflect  .   (no helmet)
rElec   .          Harm     .   (no cloak)
rCorr   .          Rampage  .   (no gloves)
Will    .....                   (no boots)
Stlth   ++........              (no amulet)
HPRegen 0.11/turn               (no ring)
MPRegen 0.13/turn               (no ring)

@: heavily drained
A: high MP 1, forlorn, divine attributes
a: no special abilities


You were on level 4 of the Dungeon.
You visited 1 branch of the dungeon, and saw 4 of its levels.

You collected 144 gold pieces.

Inventory:

Hand Weapons
 g - a +0 spear of venom (weapon)
Armour
 a - a +0 robe (worn)
 m - the +0 scale mail of the Soldier {Fly rF+ rC+}
   (You found it on level 3 of the Dungeon)

   rF:        It protects you from fire.
   rC:        It protects you from cold.
   Fly:       It grants you flight.
Jewellery
 n - an amulet of regeneration
Wands
 h - a wand of polymorph (4)
Scrolls
 j - a scroll of identify
 k - a scroll of silence
Potions
 b - a potion of magic
 c - 4 potions of curing
 d - a potion of ambrosia {unknown}
 e - 2 potions of mutation
 f - 3 potions of flight {unknown}
 i - 2 potions of cancellation {unknown}


   Skills:
 - Level 1.7 Dodging
 - Level 1.7 Stealth
 + Level 2.7 Spellcasting
 + Level 2.3 Conjurations
 * Level 4.3 Fire Magic


You had 6 spell levels left.
You knew the following spells:

 Your Spells              Type           Power      Damage    Failure   Level
a - Foxfire               Conj/Fire      64%        2x1d7     3%          1
b - Scorch                Fire           42%        2d7       3%          2

Your spell library contained the following spells:

 Spells                   Type           Power      Damage    Failure   Level
 Conjure Flame            Conj/Fire      16%        6-21      11%         3
 Freeze                   Ice            8%         1d3       14%         1
 Inner Flame              Hex/Fire       12%        N/A       17%         3
 Flame Wave               Conj/Fire      16%        2d6       34%         4
 Frozen Ramparts          Ice            4%         1d2       38%         3
 Ozocubu's Armour         Ice            2%         N/A       38%         3
 Hailstorm                Conj/Ice       7%         3d4       63%         4
 Ozocubu's Refrigeration  Ice            1%         4d5       100%        7


Dungeon Overview and Level Annotations

Branches:
Dungeon (4/15)
 Temple: D:4-7


Innate Abilities, Weirdness & Mutations

You have an increased reservoir of magic. (+10% MP)
You shall have no god before yourself.
Your divine heritage dramatically boosts your attributes as you level up.


Message History

The foxfire hits the wight but does no damage.
The wight is lightly damaged.
The wight closely misses you.
Casting: Foxfire (safe; 3% risk of failure)
Confirm with . or Enter, or press ? or * to list all spells.
You conjure some foxfire!
The wight misses you.
The foxfire hits the wight but does no damage.
The wight is lightly damaged.
The foxfire hits the wight.
The wight is moderately damaged.
The wight hits you from afar with a +0 spear!
Your magical contamination has completely faded away.
Casting: Foxfire (safe; 3% risk of failure)
Confirm with . or Enter, or press ? or * to list all spells.
You conjure some foxfire!
The wight hits you from afar with a +0 spear!
You feel drained.
The foxfire hits the wight but does no damage.
The wight is moderately damaged.
The foxfire hits the wight but does no damage.
The wight is moderately damaged.
The wight hits you from afar with a +0 spear.
You feel drained.
Casting: Foxfire (safe; 3% risk of failure)
Confirm with . or Enter, or press ? or * to list all spells.
You conjure some foxfire!
The wight hits you from afar with a +0 spear.
You feel drained.
* * * LOW HITPOINT WARNING * * *
The foxfire hits the wight.
The wight is moderately damaged.
The foxfire hits the wight but does no damage.
The wight is moderately damaged.
The wight hits you from afar with a +0 spear!
* * * LOW HITPOINT WARNING * * *
Casting: Foxfire (safe; 3% risk of failure)
Confirm with . or Enter, or press ? or * to list all spells.
You conjure some foxfire!
The wight hits you from afar with a +0 spear!
You die...

#<# #(# #.# #.# ###### #.# .
######....# #.# ..z
#.........#####.#
.....####.......§§....#.# ##....
.......)......zv@§....#.##.......
###............v§.....#.##.......
#........#..........#.##.......
#........#..........#.#........
#........#.........##.#........
#........#.........##.#........
#........+..>......+...†.......
.........#.........##..........
...........######.....


You could see a wight (ally target).

Vanquished Creatures
  A wight (D:4)
  A hound (D:4)
  3 adders (D:3)
  3 worms
  A dart slug (D:2)
  An orc (D:3)
  5 endoplasms
  2 giant cockroaches
  7 goblins
  9 hobgoblins
  5 kobolds
  5 quokkas
  5 ball pythons
  2 bats
  6 frilled lizards
  A rat (D:1)
57 creatures vanquished.

Vanquished Creatures (others)
  175 foxfires
175 creatures vanquished.

Grand Total: 232 creatures vanquished

Notes
Turn   | Place    | Note
-------+----------+-------------------------------------------
     0 | D:1      | kae the Demigod Fire Elementalist began the quest for the
                  | Orb.
     0 | D:1      | Reached XP level 1. HP: 14/14 MP: 5/5
   196 | D:1      | Reached skill level 1 in Conjurations
   335 | D:1      | Reached skill level 3 in Fire Magic
   700 | D:1      | Reached XP level 2. HP: 20/20 MP: 5/7
   703 | D:1      | Learned a level 2 spell: Scorch
  1830 | D:2      | Reached XP level 3. HP: 26/26 MP: 6/8
  3105 | D:3      | Identified the +0 scale mail of the Soldier {Fly rF+ rC+}
  3202 | D:3      | Reached XP level 4. HP: 33/33 MP: 6/10
  3535 | D:4      | Reached skill level 4 in Fire Magic
  3697 | D:4      | Reached XP level 5. HP: 38/38 MP: 8/12
  3750 | D:4      | Slain by a wight

Illustrated notes

Levels and vault maps discovered:
D:1:      lightli_arrival_lavapool, layout_loops_ring,
          chequers_ecumenical_altar_simple_redux
D:2:      layout_basic
D:3:      layout_rooms, nicolae_overflow_crystal_walls, minmay_checkerbox
D:4:      layout_basic, minmay_temple_entry_stoned_glass, uniq_duvessa

Skill      XL: |  1  2  3  4 |
---------------+-------------+-----
Conjurations   | 1 2 |  2.3
Fire Magic     | 3 4 |  4.3
Spellcasting   | 2 |  2.7
Dodging        | |  1.7
Stealth        | |  1.7

Action                   |  1- 3 |  4- 6 || total
-------------------------+-------+-------++-------
Melee: Unarmed           |    17 |       ||    17
       Spear             |    20 |    10 ||    30
       Punch             |     1 |       ||     1
 Cast: Foxfire           |    78 |    22 ||   100
       Scorch            |    12 |       ||    12
  Use: Scroll            |     3 |     3 ||     6
Armor: Robe              |     4 |     1 ||     5
Dodge: Dodged            |    41 |    11 ||    52

Table legend: (Time is in decaauts)
 A = Elapsed time spent in this place.
 B = Non-inter-level travel time spent in this place.
 C = Inter-level travel time spent in this place.
 D = Time resting spent in this place.
 E = Time spent auto-exploring this place.
 F = Levels seen in this place.
 G = Mean time per level.
                   A        B        C        D        E       F      G
               +--------+--------+--------+--------+--------+-----+--------+
         Total |   3751 |   3655 |     96 |     23 |   3180 |   4 |  937.8 |
       Dungeon |   3751 |   3655 |     96 |     23 |   3180 |   4 |  937.8 |
               +--------+--------+--------+--------+--------+-----+--------+

Top non-repeatable levels by time:
     D:2: 1325 daAuts
     D:1: 1281 daAuts
     D:3: 866 daAuts
     D:4: 277 daAuts
